 Dungeon Crawl Stone Soup version 0.29.0-11-gd7f09526c8 (webtiles) character file.

Game seed: 15310594577431227559

303 magipi the Poker (level 6, -5/49 HPs)
             Began as a Merfolk Fighter on Sept 2, 2022.
             Killed by divine providence
             ... invoked by an orc priest
              (15 damage)
             ... on level 4 of the Dungeon.
             The game lasted 00:10:21 (3774 turns).

magipi the Poker (Merfolk Fighter)                  Turns: 3774, Time: 00:10:22

Health: -5/49      AC: 13    Str: 19    XL:     6   Next: 38%
Magic:  6/6        EV:  9    Int:  7    God:
Gold:   203        SH:  5    Dex: 13    Spells: 5/5 levels left

rFire   + . .      SeeInvis .   a - +0 trident
rCold   . . .      Faith    .   c - +0 buckler
rNeg    . . .      Spirit   .   q - +4 scale mail
rPois   .          Reflect  .   s - +0 helmet
rElec   .          Harm     .   (no cloak)
rCorr   .          Rampage  .   (no gloves)
Will    .....                   k - +0 pair of boots
Stlth   ..........              (no amulet)
HPRegen 0.16/turn               h - ring of flight
MPRegen 0.10/turn               f - ring of protection from fire

@: flying
A: (nimble swimmer 2), mertail
a: no special abilities


You were on level 4 of the Dungeon.
You visited 1 branch of the dungeon, and saw 4 of its levels.

You collected 203 gold pieces.

Inventory:

Hand Weapons
 a - a +0 trident (weapon)
Armour
 c - a +0 buckler (worn)
 k - a +0 pair of boots (worn)
 q - a +4 scale mail (worn)
 r - a +0 leather armour of poison resistance
 s - a +0 helmet (worn)
Jewellery
 f - a ring of protection from fire (right hand)
 h - a ring of flight (left hand)
Wands
 d - a wand of light (5)
 p - a wand of polymorph (11)
Scrolls
 b - 5 scrolls of identify {unknown}
 g - a scroll of torment {unknown}
 j - 2 scrolls of immolation {unknown}
 m - 2 scrolls of silence {unknown}
 t - 2 scrolls of teleportation {unknown}
 u - a scroll of noise {unknown}
 w - a scroll of enchant armour {unknown}
Potions
 e - 4 potions of brilliance {unknown}
 i - a potion of heal wounds {unknown}
 l - a potion of magic {unknown}
 n - a potion of curing {unknown}
 o - a potion of degeneration {unknown}
 v - a potion of haste {unknown}


   Skills:
 + Level 4.5 Fighting
 * Level 5.7 Polearms
 + Level 3.1 Armour
 + Level 3.9 Shields


You had 5 spell levels left.
You didn't know any spells.
Your spell library contained the following spells:

 Spells                   Type           Power      Damage    Failure   Level
 Foxfire                  Conj/Fire      0%         2x1d4     88%         1
 Conjure Flame            Conj/Fire      0%         6-21      99%         3
 Inner Flame              Hex/Fire       0%         N/A       99%         3
 Flame Wave               Conj/Fire      0%         2d4       100%        4


Dungeon Overview and Level Annotations

Branches:
Dungeon (4/15)
 Temple: D:4-7

Altars:

Shops:
D:1 (


Innate Abilities, Weirdness & Mutations

((You are very nimble when in or above water. (Stealth+, EV+, Speed+++)))
Your lower body shifts to a powerful aquatic tail in water.


Message History

You resist with some effort.
You hit the orc wizard.
The orc wizard is moderately wounded.
The orc wizard closely misses you.
You hit the orc wizard.
The orc wizard is heavily wounded.
You block the orc wizard's attack.
You puncture the orc wizard!
The orc wizard is almost dead.
The orc wizard hits you with a +0 dagger.
You hit the orc wizard.
You kill the orc wizard!
An orc priest comes into view. It is wielding a +0 dagger.
The orc priest shouts!
The orc priest barely misses you.
Items here: )) [[ †.
You closely miss the orc priest.
The orc priest invokes the aid of Beogh against you.
Beogh smites you!
* * * LOW HITPOINT WARNING * * *
You hit the orc priest but do no damage.
The orc priest barely misses you.
Unknown command.
You hit the orc priest.
The orc priest is lightly wounded.
The orc priest mumbles some strange prayers to Beogh against you.
Pain shoots through your body!
* * * LOW HITPOINT WARNING * * *
You hit the orc priest.
The orc priest is heavily wounded.
The orc priest hits you but does no damage.
Unknown command.
You barely miss the orc priest.
The orc priest is heavily wounded.
The orc priest hits you but does no damage.
You barely miss the orc priest.
The orc priest is heavily wounded.
The orc priest calls down the wrath of Beogh upon you.
Beogh smites you!
You die...

##### #.# #.# #.# #.##
#.# #.## ########.#
#.## .........# #.##
########.# #.## ### #.#
#.## ###.# ##.#####.#
#... ..##.# #)#@.....#
#### #.##.# ##o#######
# #.##.# #.# # #.##.#
#.# # #######.##.# #.#
#
#..<.......####.#######
#
#.###....o..o......>..#
#
#.###.#.##.####.#####.#
# ......#.##.# #.# #.#
#


You could see an orc priest.

Vanquished Creatures
  A hound (D:4)
  3 orc wizards
  Robin (D:3)
  4 adders
  2 gnolls (D:3)
  2 worms (D:2)
  2 dart slugs
  9 orcs
  18 ball pythons
  6 bats
  9 endoplasms
  5 giant cockroaches
  10 hobgoblins
  3 jackals (D:2)
  5 kobolds
  4 quokkas
  4 frilled lizards
  18 goblins
  6 rats
112 creatures vanquished.

Notes
Turn   | Place    | Note
-------+----------+-------------------------------------------
     0 | D:1      | magipi the Merfolk Fighter began the quest for the Orb.
     0 | D:1      | Reached XP level 1. HP: 18/18 MP: 1/1
    32 | D:1      | Reached skill level 3 in Polearms
    75 | D:1      | Reached XP level 2. HP: 24/24 MP: 2/2
   118 | D:1      | Found a faded altar of an unknown god.
   206 | D:1      | Found Saunelyu's Weapon Boutique.
   569 | D:1      | Reached XP level 3. HP: 17/29 MP: 3/3
  1313 | D:2      | Reached skill level 4 in Polearms
  1515 | D:2      | Reached XP level 4. HP: 37/37 MP: 4/4
  2441 | D:3      | Reached XP level 5. HP: 42/42 MP: 5/5
  2458 | D:3      | Noticed Robin
  2493 | D:3      | Killed Robin
  2994 | D:3      | Reached skill level 5 in Polearms
  3328 | D:4      | Noticed an ogre
  3478 | D:4      | Reached XP level 6. HP: 49/49 MP: 6/6
  3774 | D:4      | Killed from afar by an orc priest

Illustrated notes

Levels and vault maps discovered:
D:1:      amcnicky_arrival_single_pillar, layout_basic, serial_shops,
          nicolae_shop_bloodbath_and_beyond, hellmonk_ecumenical_altar_run_dry,
          minivault_27
D:2:      layout_basic, kennysheep_cluttered_room, roderic_serpentine_path,
          minmay_fractal_squares_5
D:3:      layout_loops_corners, kennysheep_doodads, uniq_robin
D:4:      layout_loops_ring

Skill      XL: |  1  2  3  4  5 |
---------------+----------------+-----
Polearms       | 3 4 5 |  5.7
Fighting       | 4 |  4.5
Armour         | 3 |  3.1
Shields        | |  3.9

Action                   |  1- 3 |  4- 6 || total
-------------------------+-------+-------++-------
Melee: Trident           |   138 |   250 ||   388
  Use: Potion            |       |     1 ||     1
Armor: Scale mail        |    52 |   129 ||   181
Dodge: Dodged            |    44 |   113 ||   157
Block: Buckler           |    27 |    64 ||    91
